Workbook

Sheet 法非適用_下水道事業
B2: 経営比較分析表（令和4年度決算）
B6: =データ!H6 -> 北海道 幕別町
B7: 業務名 | I7: 業種名 | P7: 事業名 | W7: 類似団体区分 | AD7: 管理者の情報 | AL7: 人口（人） | AT7: 面積(km2) | BB7: 人口密度(人/km2) | BL7: グラフ凡例
B8: =データ!I6 -> 法非適用 | I8: =データ!J6 -> 下水道事業 | P8: =データ!K6 -> 公共下水道 | W8: =データ!L6 -> Cc1 | AD8: =データ!$M$6 -> 非設置 | AL8: =データ!S6 -> 25897 | AT8: =データ!T6 -> 477.64 | BB8: =データ!U6 -> 54.22 | BL8: ■ | BN8: 当該団体値（当該値）
B9: 資金不足比率(％) | I9: 自己資本構成比率(％) | P9: 普及率(％) | W9: 有収率(％) | AD9: 1か月20ｍ3当たり家庭料金(円) | AL9: 処理区域内人口(人) | AT9: 処理区域面積(km2) | BB9: 処理区域内人口密度(人/km2) | BL9: － | BN9: 類似団体平均値（平均値）
B10: =データ!N6 -> - | I10: =データ!O6 -> 該当数値なし | P10: =データ!P6 -> 83.3 | W10: =データ!Q6 -> 80.27 | AD10: =データ!R6 -> 3220 | AL10: =データ!V6 -> 21473 | AT10: =データ!W6 -> 6.64 | BB10: =データ!X6 -> 3233.89 | BL10: 【】 | BN10: 令和4年度全国平均
BL11: 分析欄
B14: 1. 経営の健全性・効率性 | BL14: 1. 経営の健全性・効率性について
BL16: 市街地が「幕別地区」と「札内地区」に２極化しており、資本費が割高となっていることなどから、経営の健全性を示す収益的収支比率・経費回収率は、ともに100％を下回っているが、経年で比較すると近年は上昇傾向にあり、経営改善が図られている。 事業運営における一般会計繰入金への依存度の高さが懸念されるが、地方債償還金の減少により繰入金も減少傾向にある。 将来の更新投資等に充てる財源が確保されるよう、更なる経常費用の削減等に努める。
BL45: 2. 老朽化の状況について
BL47: 下水道施設を計画的かつ効率的に管理するため、ストックマネジメント計画に基づき、更新を実施していく。
B60: 2. 老朽化の状況
BL64: 全体総括
BL66: 人口減少に伴う料金収入の減少や将来的な更新需要の増大を見据え、施設規模の適正化や適切な維持管理を進めるため、令和10年度からの供用開始を目途にスケールメリットを活かした下水道処理区統合を進めている。 また、持続可能な経営を確保するため、令和６年度から公営企業会計を適用し、中長期的な視点に立った企業経営に努める。
C83: ※ 法適用企業と類似団体区分が同じため、収益的収支比率の類似団体平均等を表示していません。
B85: 全国平均 | E85: 1① | F85: 1② | G85: 1③ | H85: 1④ | I85: 1⑤ | J85: 1⑥ | K85: 1⑦ | L85: 1⑧ | M85: 2① | N85: 2② | O85: 2③
E86: =データ!AI6 | F86: - | G86: - | H86: =データ!BP6 -> 【652.82】 | I86: =データ!CA6 -> 【97.61】 | J86: =データ!CL6 -> 【138.29】 | K86: =データ!CW6 -> 【59.10】 | L86: =データ!DH6 -> 【95.82】 | M86: - | N86: - | O86: =データ!EO6 -> 【0.23】

Sheet データ
A1: 下水道事業(法非適用) | Y1: 1 | Z1: 1 | AA1: 1 | AB1: 1 | AC1: 1 | AD1: 1 | AE1: 1 | AF1: 1 | AG1: 1 | AH1: 1 | AJ1: 1 | AK1: 1 | AL1: 1 | AM1: 1 | AN1: 1 | AO1: 1 | AP1: 1 | AQ1: 1 | AR1: 1 | AS1: 1 | AU1: 1 | AV1: 1 | AW1: 1 | AX1: 1 | AY1: 1 | AZ1: 1 | BA1: 1 | BB1: 1 | BC1: 1 | BD1: 1 | BF1: 1 | BG1: 1 | BH1: 1 | BI1: 1 | BJ1: 1 | BK1: 1 | BL1: 1 | BM1: 1 | BN1: 1 | BO1: 1 | BQ1: 1 | BR1: 1 | BS1: 1 | BT1: 1 | BU1: 1 | BV1: 1 | BW1: 1 | BX1: 1 | BY1: 1 | BZ1: 1 | CB1: 1 | CC1: 1 | CD1: 1 | CE1: 1 | CF1: 1 | CG1: 1 | CH1: 1 | CI1: 1 | CJ1: 1 | CK1: 1 | CM1: 1 | CN1: 1 | CO1: 1 | CP1: 1 | CQ1: 1 | CR1: 1 | CS1: 1 | CT1: 1 | CU1: 1 | CV1: 1 | CX1: 1 | CY1: 1 | CZ1: 1 | DA1: 1 | DB1: 1 | DC1: 1 | DD1: 1 | DE1: 1 | DF1: 1 | DG1: 1 | DI1: 1 | DJ1: 1 | DK1: 1 | DL1: 1 | DM1: 1 | DN1: 1 | DO1: 1 | DP1: 1 | DQ1: 1 | DR1: 1 | DT1: 1 | DU1: 1 | DV1: 1 | DW1: 1 | DX1: 1 | DY1: 1 | DZ1: 1 | EA1: 1 | EB1: 1 | EC1: 1 | EE1: 1 | EF1: 1 | EG1: 1 | EH1: 1 | EI1: 1 | EJ1: 1 | EK1: 1 | EL1: 1 | EM1: 1 | EN1: 1
A2: 項番 | B2: =COLUMN()-1 -> 1 | C2: =COLUMN()-1 -> 2 | D2: =COLUMN()-1 -> 3 | E2: =COLUMN()-1 -> 4 | F2: =COLUMN()-1 -> 5 | G2: =COLUMN()-1 -> 6 | H2: =COLUMN()-1 -> 7 | I2: =COLUMN()-1 -> 8 | ... EO2: =COLUMN()-1 -> 144
A3: 大項目 | B3: 年度 | C3: 団体CD | D3: 業務CD | E3: 業種CD | F3: 事業CD | G3: 施設CD | H3: 基本情報 | Y3: 1. 経営の健全性・効率性 | DI3: 2. 老朽化の状況
A4: 中項目 | Y4: ①収益的収支比率(％) | AJ4: ②累積欠損金比率(％) | AU4: ③流動比率(％) | BF4: ④企業債残高対事業規模比率(％) | BQ4: ⑤経費回収率(％) | CB4: ⑥汚水処理原価(円) | CM4: ⑦施設利用率(％) | CX4: ⑧水洗化率(％) | DI4: ①有形固定資産減価償却率(％) | DT4: ②管渠老朽化率(％) | EE4: ③管渠改善率(％)
A5: 小項目 | H5: 都道府県名 | I5: 法適・法非適 | J5: 業種名称 | K5: 事業名称 | L5: 類似団体 | M5: 管理者の情報 | N5: 資金不足比率 | O5: 自己資本構成比率 | P5: 普及率 | Q5: 有収率 | R5: 1ヶ月20㎥当たり家庭料金 | S5: 人口 | T5: 面積 | U5: 人口密度 | V5: 処理区域内人口 | W5: 処理区域面積 | X5: 処理区域内人口密度 | Y5: 比率(N-4) | Z5: 比率(N-3) | AA5: 比率(N-2) | AB5: 比率(N-1) | AC5: 比率(N) | AD5: 類似団体平均(N-4) | AE5: 類似団体平均(N-3) | AF5: 類似団体平均(N-2) | AG5: 類似団体平均(N-1) | AH5: 類似団体平均(N) | AI5: 全国平均 | AJ5: 比率(N-4) | AK5: 比率(N-3) | AL5: 比率(N-2) | AM5: 比率(N-1) | AN5: 比率(N) | AO5: 類似団体平均(N-4) | AP5: 類似団体平均(N-3) | AQ5: 類似団体平均(N-2) | AR5: 類似団体平均(N-1) | AS5: 類似団体平均(N) | AT5: 全国平均 | AU5: 比率(N-4) | AV5: 比率(N-3) | AW5: 比率(N-2) | AX5: 比率(N-1) | AY5: 比率(N) | AZ5: 類似団体平均(N-4) | BA5: 類似団体平均(N-3) | BB5: 類似団体平均(N-2) | BC5: 類似団体平均(N-1) | BD5: 類似団体平均(N) | BE5: 全国平均 | BF5: 比率(N-4) | BG5: 比率(N-3) | BH5: 比率(N-2) | BI5: 比率(N-1) | BJ5: 比率(N) | BK5: 類似団体平均(N-4) | BL5: 類似団体平均(N-3) | BM5: 類似団体平均(N-2) | BN5: 類似団体平均(N-1) | BO5: 類似団体平均(N) | BP5: 全国平均 | BQ5: 比率(N-4) | BR5: 比率(N-3) | BS5: 比率(N-2) | BT5: 比率(N-1) | BU5: 比率(N) | BV5: 類似団体平均(N-4) | BW5: 類似団体平均(N-3) | BX5: 類似団体平均(N-2) | BY5: 類似団体平均(N-1) | BZ5: 類似団体平均(N) | CA5: 全国平均 | CB5: 比率(N-4) | CC5: 比率(N-3) | CD5: 比率(N-2) | CE5: 比率(N-1) | CF5: 比率(N) | CG5: 類似団体平均(N-4) | CH5: 類似団体平均(N-3) | CI5: 類似団体平均(N-2) | CJ5: 類似団体平均(N-1) | CK5: 類似団体平均(N) | CL5: 全国平均 | CM5: 比率(N-4) | CN5: 比率(N-3) | CO5: 比率(N-2) | CP5: 比率(N-1) | CQ5: 比率(N) | CR5: 類似団体平均(N-4) | CS5: 類似団体平均(N-3) | CT5: 類似団体平均(N-2) | CU5: 類似団体平均(N-1) | CV5: 類似団体平均(N) | CW5: 全国平均 | CX5: 比率(N-4) | CY5: 比率(N-3) | CZ5: 比率(N-2) | DA5: 比率(N-1) | DB5: 比率(N) | DC5: 類似団体平均(N-4) | DD5: 類似団体平均(N-3) | DE5: 類似団体平均(N-2) | DF5: 類似団体平均(N-1) | DG5: 類似団体平均(N) | DH5: 全国平均 | DI5: 比率(N-4) | DJ5: 比率(N-3) | DK5: 比率(N-2) | DL5: 比率(N-1) | DM5: 比率(N) | DN5: 類似団体平均(N-4) | DO5: 類似団体平均(N-3) | DP5: 類似団体平均(N-2) | DQ5: 類似団体平均(N-1) | DR5: 類似団体平均(N) | DS5: 全国平均 | DT5: 比率(N-4) | DU5: 比率(N-3) | DV5: 比率(N-2) | DW5: 比率(N-1) | DX5: 比率(N) | DY5: 類似団体平均(N-4) | DZ5: 類似団体平均(N-3) | EA5: 類似団体平均(N-2) | EB5: 類似団体平均(N-1) | EC5: 類似団体平均(N) | ED5: 全国平均 | EE5: 比率(N-4) | EF5: 比率(N-3) | EG5: 比率(N-2) | EH5: 比率(N-1) | EI5: 比率(N) | EJ5: 類似団体平均(N-4) | EK5: 類似団体平均(N-3) | EL5: 類似団体平均(N-2) | EM5: 類似団体平均(N-1) | EN5: 類似団体平均(N) | EO5: 全国平均
A6: 参照用 | B6: =B7 -> 2022 | C6: =C7 -> 16438 | D6: =D7 -> 47 | E6: =E7 -> 17 | F6: =F7 -> 1 | G6: =G7 -> 0 | H6: =H7 -> 北海道 幕別町 | I6: =I7 -> 法非適用 | ... X6: =X7 -> 3233.89 | Y6: =IF(Y7="",NA(),Y7) -> 72.02 | Z6: =IF(Z7="",NA(),Z7) -> 76.76 | AA6: =IF(AA7="",NA(),AA7) -> 77.59 | AB6: =IF(AB7="",NA(),AB7) -> 79.31 | AC6: =IF(AC7="",NA(),AC7) -> 79.56 | AD6: =IF(AD7="",NA(),AD7) -> #N/A | AE6: =IF(AE7="",NA(),AE7) -> #N/A | AF6: =IF(AF7="",NA(),AF7) -> #N/A | ... AH6: =IF(AH7="",NA(),AH7) -> #N/A | AI6: =IF(AI7="","",IF(AI7="-","【-】","【"&SUBSTITUTE(TEXT(AI7,"#,##0.00"),"-","△")&"】")) | AJ6: =IF(AJ7="",NA(),AJ7) -> #N/A | AK6: =IF(AK7="",NA(),AK7) -> #N/A | AL6: =IF(AL7="",NA(),AL7) -> #N/A | AM6: =IF(AM7="",NA(),AM7) -> #N/A | AN6: =IF(AN7="",NA(),AN7) -> #N/A | AO6: =IF(AO7="",NA(),AO7) -> #N/A | AP6: =IF(AP7="",NA(),AP7) -> #N/A | AQ6: =IF(AQ7="",NA(),AQ7) -> #N/A | ... AS6: =IF(AS7="",NA(),AS7) -> #N/A | AT6: =IF(AT7="","",IF(AT7="-","【-】","【"&SUBSTITUTE(TEXT(AT7,"#,##0.00"),"-","△")&"】")) | AU6: =IF(AU7="",NA(),AU7) -> #N/A | AV6: =IF(AV7="",NA(),AV7) -> #N/A | AW6: =IF(AW7="",NA(),AW7) -> #N/A | AX6: =IF(AX7="",NA(),AX7) -> #N/A | AY6: =IF(AY7="",NA(),AY7) -> #N/A | AZ6: =IF(AZ7="",NA(),AZ7) -> #N/A | BA6: =IF(BA7="",NA(),BA7) -> #N/A | BB6: =IF(BB7="",NA(),BB7) -> #N/A | ... BD6: =IF(BD7="",NA(),BD7) -> #N/A | BE6: =IF(BE7="","",IF(BE7="-","【-】","【"&SUBSTITUTE(TEXT(BE7,"#,##0.00"),"-","△")&"】")) | BF6: =IF(BF7="",NA(),BF7) -> 2043.28 | BG6: =IF(BG7="",NA(),BG7) -> 1866.7 | BH6: =IF(BH7="",NA(),BH7) -> 1767.65 | BI6: =IF(BI7="",NA(),BI7) -> 1646.9 | BJ6: =IF(BJ7="",NA(),BJ7) -> 1558.7 | BK6: =IF(BK7="",NA(),BK7) -> 768.62 | BL6: =IF(BL7="",NA(),BL7) -> 789.44 | BM6: =IF(BM7="",NA(),BM7) -> 789.08 | ... BO6: =IF(BO7="",NA(),BO7) -> 804.98 | BP6: =IF(BP7="","",IF(BP7="-","【-】","【"&SUBSTITUTE(TEXT(BP7,"#,##0.00"),"-","△")&"】")) -> 【652.82】 | BQ6: =IF(BQ7="",NA(),BQ7) -> 56.44 | BR6: =IF(BR7="",NA(),BR7) -> 59.28 | BS6: =IF(BS7="",NA(),BS7) -> 68.47 | BT6: =IF(BT7="",NA(),BT7) -> 69.54 | BU6: =IF(BU7="",NA(),BU7) -> 71.87 | BV6: =IF(BV7="",NA(),BV7) -> 88.06 | BW6: =IF(BW7="",NA(),BW7) -> 87.29 | BX6: =IF(BX7="",NA(),BX7) -> 88.25 | ... BZ6: =IF(BZ7="",NA(),BZ7) -> 88.71 | CA6: =IF(CA7="","",IF(CA7="-","【-】","【"&SUBSTITUTE(TEXT(CA7,"#,##0.00"),"-","△")&"】")) -> 【97.61】 | CB6: =IF(CB7="",NA(),CB7) -> 313.62 | CC6: =IF(CC7="",NA(),CC7) -> 296.77 | CD6: =IF(CD7="",NA(),CD7) -> 250.91 | CE6: =IF(CE7="",NA(),CE7) -> 252.74 | CF6: =IF(CF7="",NA(),CF7) -> 245.16 | CG6: =IF(CG7="",NA(),CG7) -> 179.32 | CH6: =IF(CH7="",NA(),CH7) -> 176.67 | CI6: =IF(CI7="",NA(),CI7) -> 176.37 | ... CK6: =IF(CK7="",NA(),CK7) -> 174.8 | CL6: =IF(CL7="","",IF(CL7="-","【-】","【"&SUBSTITUTE(TEXT(CL7,"#,##0.00"),"-","△")&"】")) -> 【138.29】 | CM6: =IF(CM7="",NA(),CM7) -> 78.21 | CN6: =IF(CN7="",NA(),CN7) -> 78.21 | CO6: =IF(CO7="",NA(),CO7) -> 78.53 | CP6: =IF(CP7="",NA(),CP7) -> 78.53 | CQ6: =IF(CQ7="",NA(),CQ7) -> 78.31 | CR6: =IF(CR7="",NA(),CR7) -> 58 | CS6: =IF(CS7="",NA(),CS7) -> 57.42 | CT6: =IF(CT7="",NA(),CT7) -> 56.72 | ... CV6: =IF(CV7="",NA(),CV7) -> 55.82 | CW6: =IF(CW7="","",IF(CW7="-","【-】","【"&SUBSTITUTE(TEXT(CW7,"#,##0.00"),"-","△")&"】")) -> 【59.10】 | CX6: =IF(CX7="",NA(),CX7) -> 98.85 | CY6: =IF(CY7="",NA(),CY7) -> 99.06 | CZ6: =IF(CZ7="",NA(),CZ7) -> 99.08 | DA6: =IF(DA7="",NA(),DA7) -> 99.13 | DB6: =IF(DB7="",NA(),DB7) -> 99.16 | DC6: =IF(DC7="",NA(),DC7) -> 89.79 | DD6: =IF(DD7="",NA(),DD7) -> 90.42 | DE6: =IF(DE7="",NA(),DE7) -> 90.72 | ... DG6: =IF(DG7="",NA(),DG7) -> 90.67 | DH6: =IF(DH7="","",IF(DH7="-","【-】","【"&SUBSTITUTE(TEXT(DH7,"#,##0.00"),"-","△")&"】")) -> 【95.82】 | DI6: =IF(DI7="",NA(),DI7) -> #N/A | DJ6: =IF(DJ7="",NA(),DJ7) -> #N/A | DK6: =IF(DK7="",NA(),DK7) -> #N/A | DL6: =IF(DL7="",NA(),DL7) -> #N/A | DM6: =IF(DM7="",NA(),DM7) -> #N/A | DN6: =IF(DN7="",NA(),DN7) -> #N/A | DO6: =IF(DO7="",NA(),DO7) -> #N/A | DP6: =IF(DP7="",NA(),DP7) -> #N/A | ... DR6: =IF(DR7="",NA(),DR7) -> #N/A | DS6: =IF(DS7="","",IF(DS7="-","【-】","【"&SUBSTITUTE(TEXT(DS7,"#,##0.00"),"-","△")&"】")) | DT6: =IF(DT7="",NA(),DT7) -> #N/A | DU6: =IF(DU7="",NA(),DU7) -> #N/A | DV6: =IF(DV7="",NA(),DV7) -> #N/A | DW6: =IF(DW7="",NA(),DW7) -> #N/A | DX6: =IF(DX7="",NA(),DX7) -> #N/A | DY6: =IF(DY7="",NA(),DY7) -> #N/A | DZ6: =IF(DZ7="",NA(),DZ7) -> #N/A | EA6: =IF(EA7="",NA(),EA7) -> #N/A | ... EC6: =IF(EC7="",NA(),EC7) -> #N/A | ED6: =IF(ED7="","",IF(ED7="-","【-】","【"&SUBSTITUTE(TEXT(ED7,"#,##0.00"),"-","△")&"】")) | EE6: =IF(EE7="",NA(),EE7) -> 0 | EF6: =IF(EF7="",NA(),EF7) -> 0 | EG6: =IF(EG7="",NA(),EG7) -> 0 | EH6: =IF(EH7="",NA(),EH7) -> 0 | EI6: =IF(EI7="",NA(),EI7) -> 0 | EJ6: =IF(EJ7="",NA(),EJ7) -> 0.21 | EK6: =IF(EK7="",NA(),EK7) -> 0.17 | EL6: =IF(EL7="",NA(),EL7) -> 0.15 | ... EN6: =IF(EN7="",NA(),EN7) -> 0.12 | EO6: =IF(EO7="","",IF(EO7="-","【-】","【"&SUBSTITUTE(TEXT(EO7,"#,##0.00"),"-","△")&"】")) -> 【0.23】
B7: 2022 | C7: 16438 | D7: 47 | E7: 17 | F7: 1 | G7: 0 | H7: 北海道 幕別町 | I7: 法非適用 | J7: 下水道事業 | K7: 公共下水道 | L7: Cc1 | M7: 非設置 | N7: - | O7: 該当数値なし | P7: 83.3 | Q7: 80.27 | R7: 3220 | S7: 25897 | T7: 477.64 | U7: 54.22 | V7: 21473 | W7: 6.64 | X7: 3233.89 | Y7: 72.02 | Z7: 76.76 | AA7: 77.59 | AB7: 79.31 | AC7: 79.56 | BF7: 2043.28 | BG7: 1866.7 | BH7: 1767.65 | BI7: 1646.9 | BJ7: 1558.7 | BK7: 768.62 | BL7: 789.44 | BM7: 789.08 | BN7: 747.84 | BO7: 804.98 | BP7: 652.82 | BQ7: 56.44 | BR7: 59.28 | BS7: 68.47 | BT7: 69.54 | BU7: 71.87 | BV7: 88.06 | BW7: 87.29 | BX7: 88.25 | BY7: 90.17 | BZ7: 88.71 | CA7: 97.61 | CB7: 313.62 | CC7: 296.77 | CD7: 250.91 | CE7: 252.74 | CF7: 245.16 | CG7: 179.32 | CH7: 176.67 | CI7: 176.37 | CJ7: 173.17 | CK7: 174.8 | CL7: 138.29 | CM7: 78.21 | CN7: 78.21 | CO7: 78.53 | CP7: 78.53 | CQ7: 78.31 | CR7: 58 | CS7: 57.42 | CT7: 56.72 | CU7: 56.43 | CV7: 55.82 | CW7: 59.1 | CX7: 98.85 | CY7: 99.06 | CZ7: 99.08 | DA7: 99.13 | DB7: 99.16 | DC7: 89.79 | DD7: 90.42 | DE7: 90.72 | DF7: 91.07 | DG7: 90.67 | DH7: 95.82 | EE7: 0 | EF7: 0 | EG7: 0 | EH7: 0 | EI7: 0 | EJ7: 0.21 | EK7: 0.17 | EL7: 0.15 | EM7: 0.15 | EN7: 0.12 | EO7: 0.23
B9: Ｎ－４年度 | C9: Ｎ－３年度 | D9: Ｎ－２年度 | E9: Ｎ－１年度 | F9: Ｎ年度
A10: 年度 | B10: =DATEVALUE($B7+12-B11&"/1/"&B12) -> 47484 | C10: =DATEVALUE($B7+12-C11&"/1/"&C12) -> 47849 | D10: =DATEVALUE($B7+12-D11&"/1/"&D12) -> 48215 | E10: =DATEVALUE($B7+12-E11&"/1/"&E12) -> 48582 | F10: =DATEVALUE($B7+12-F11&"/1/"&F12) -> 48948
B11: 4 | C11: 3 | D11: 2 | E11: 1 | F11: 0 | G11: ←年数補正
B12: 1 | C12: 1 | D12: 2 | E12: 3 | F12: 4 | G12: ←日数補正
B13: "H"yy | C13: "R"dd | D13: "R"dd | E13: "R"dd | F13: "R"dd | G13: ←書式設定
